 Dungeon Crawl Stone Soup version 0.31.0-11-ge490571c62 (webtiles) character file.

Game seed: 13853034773804121003

210 qw the Shooter (level 5, 0/28 HPs)
             Began as a Spriggan Hunter on Feb 3, 2024.
             Slain by a gnoll
             ... wielding a +0 spear
              (3 damage)
             ... on level 3 of the Dungeon.
             The game lasted 00:00:08 (1607 turns).

qw the Shooter (Spriggan Hunter)                    Turns: 1607, Time: 00:00:09

Health: 0/28       AC:  2    Str:  7    XL:     5   Next: 57%
Magic:  6/6        EV: 20    Int: 11    God:
Gold:   42         SH:  0    Dex: 20    Spells: 4/4 levels left

rFire   . . .        b - +3 shortbow (flame)
rCold   . . .        (shield currently unavailable)
rNeg    . . .        c - +0 robe
rPois   .            (helmet restricted)
rElec   .            (no cloak)
rCorr   .            (gloves unavailable)
SInv    +            (boots unavailable)
Will    .....        (no amulet)
Stlth   ++           (no ring)
HPRegen 0.24/turn    (no ring)
MPRegen 0.10/turn

%: no passive effects
@: about to teleport, very quick
A: very small, no large weapons, unfitting armour, see invisible, speed 3
a: no special abilities


You were on level 3 of the Dungeon.
You visited 1 branch of the dungeon, and saw 3 of its levels.

You collected 107 gold pieces.
You spent 65 gold pieces at shops.


Innate Abilities, Weirdness & Mutations

You are very small and have problems with some larger weapons.
You are too small for most types of armour.
You have supernaturally acute eyesight. (SInv)
You cover ground extremely quickly. (Speed+++)


   Skills:
 - Level 2.8 Fighting
 + Level 5.3 Ranged Weapons
 - Level 5.0 Dodging
 - Level 1.5 Stealth


You had 4 spell levels left.
You didn't know any spells.
Your spell library was empty.

Inventory:

Hand Weapons
 b - a +3 shortbow of flaming (weapon)
Armour
 c - a +0 robe (worn)
Jewellery
 a - a +6 ring of strength
Potions
 h - a potion of mutation

Dungeon Overview and Level Annotations

Branches:
Dungeon (3/15)

Altars:

Shops:
D:2 ?!


Message History

The arrow closely misses the kobold.
The arrow hits the kobold.
The arrow burns the kobold.
The kobold is severely wounded.
The kobold closely misses you. The gnoll misses you. The kobold misses you.
You shoot an arrow. The arrow closely misses the kobold.
The kobold barely misses you. x2
The gnoll hits you from afar with a +0 spear!
You shoot an arrow. The arrow closely misses the kobold.
The kobold misses you. x2
The gnoll hits you from afar with a +0 spear.
You shoot an arrow. The arrow hits the kobold.
The arrow burns the kobold.
You kill the kobold!
The gnoll closely misses you.
You shoot an arrow. The arrow closely misses the kobold.
The kobold closely misses you. The kobold barely misses you.
The gnoll hits you from afar with a +0 spear.
You shoot an arrow. The arrow hits the kobold.
The arrow burns the kobold.
The kobold is severely wounded.
The kobold barely misses you. The kobold completely misses you.
The gnoll completely misses you.
You shoot an arrow. The arrow barely misses the kobold.
The kobold hits you with a +0 club.
The gnoll hits you from afar with a +0 spear.
The kobold completely misses you.
You shoot an arrow. The arrow completely misses the kobold.
The kobold hits you with a +0 club. The gnoll completely misses you.
The kobold barely misses you.
1605 ||| READING scroll of teleportation.
As you read the scroll of teleportation, it crumbles to dust.
You feel strangely unstable. The kobold misses you. The gnoll misses you.
The kobold completely misses you.
You shoot an arrow. The arrow hits the kobold!
The arrow burns the kobold.
You kill the kobold!
The gnoll completely misses you. The kobold hits you with a +0 club.
You shoot an arrow. The arrow barely misses the kobold.
The arrow hits the kobold!
The arrow burns the kobold.
You kill the kobold!
The kobold completely misses you.
The gnoll hits you from afar with a +0 spear.
You die...

##### #...########
#### #...#......##
##...
gKK#.......###....
#K##........#.....
#@).........#.....
#...........'.....
#(..........#.....
##)##........#.....
#.).#.......###....
#...#......## ##...
#...######## ####
#####


You could see a gnoll and 3 kobolds.

Vanquished Creatures
  A kobold brigand (D:3)
  2 adders (D:2)
  3 gnolls (D:3)
  A dart slug (D:1)
  3 ribbon worms (D:2)
  4 ball pythons
  5 bats
  11 endoplasms
  2 giant cockroaches
  A hobgoblin (D:3)
  2 jackals (D:1)
  27 kobolds
  5 quokkas
  2 frilled lizards
  6 goblins
  8 rats
83 creatures vanquished.

Notes
Turn   | Place    | Note
-------+----------+-------------------------------------------
     0 | D:1      | qw the Spriggan Hunter began the quest for the Orb.
     0 | D:1      | Reached XP level 1. HP: 10/10 MP: 2/2
     0 | D:1      | 0 ||| qw: Version: 0.3-a-158-g18b3111
     0 | D:1      | 0 ||| qw: Game counter: 4166
     0 | D:1      | 0 ||| qw: Melee chars always use a shield: true
     0 | D:1      | 0 ||| qw: God list: Okawaru
     0 | D:1      | 0 ||| qw: Allow faded altars: false
     0 | D:1      | 0 ||| qw: Do Orc after clearing Dungeon:15 true
     0 | D:1      | 0 ||| qw: Do second Lair branch before Depths: true
     0 | D:1      | 0 ||| qw: Lair rune preference: random
     0 | D:1      | 0 ||| qw: Goals: Normal
     0 | D:1      | 0 ||| PLANNING D:1-11
    57 | D:1      | Reached skill level 3 in Dodging
    95 | D:1      | Reached XP level 2. HP: 14/14 MP: 3/3
   675 | D:1      | 675 ||| READING 2 scrolls labelled TOREYROTHRA.
   675 | D:1      | 675 ||| IDENTIFYING fuming dark potion
   676 | D:1      | 676 ||| READING scroll of identify.
   676 | D:1      | 676 ||| IDENTIFYING smoky grey potion
   677 | D:1      | 677 ||| READING scroll labelled ASUWODEESI.
   678 | D:1      | 678 ||| READING scroll labelled SEVEME KUCVIF.
   679 | D:1      | 679 ||| DROPPING scroll of butterflies.
   680 | D:1      | 680 ||| DROPPING potion of degeneration.
   681 | D:1      | 681 ||| DROPPING potion of magic.
   696 | D:2      | Reached XP level 3. HP: 18/18 MP: 4/4
   728 | D:1      | 728 ||| Stepping randomly (stuck).
   939 | D:2      | Found Oskebez's Magic Scroll Boutique.
   949 | D:2      | 949 ||| SHOPLISTING scroll of enchant armour (97 gold, have
                  | 74).
   949 | D:2      | 949 ||| SHOPLISTING scroll of enchant weapon (97 gold, have
                  | 74).
   949 | D:2      | 949 ||| BUYING scroll of identify (26 gold).
   949 | D:2      | Bought a scroll of identify for 26 gold pieces
   949 | D:2      | 949 ||| BUYING scroll of teleportation (39 gold).
   949 | D:2      | Bought a scroll of teleportation for 39 gold pieces
   973 | D:2      | Reached XP level 4. HP: 22/22 MP: 5/5
   979 | D:2      | Found Xuenlamp's Distillery.
   997 | D:2      | 997 ||| SHOPLISTING potion of curing (39 gold, have 24).
   997 | D:2      | 997 ||| SHOPLISTING potion of enlightenment (65 gold, have
                  | 24).
   997 | D:2      | 997 ||| SHOPLISTING potion of heal wounds (65 gold, have
                  | 24).
   997 | D:2      | 997 ||| SHOPLISTING potion of resistance (130 gold, have
                  | 24).
  1165 | D:2      | 1165 ||| READING scroll of identify.
  1165 | D:2      | 1165 ||| IDENTIFYING orange potion
  1166 | D:2      | 1166 ||| READING scroll labelled CES KOP BAATOAMOPH.
  1167 | D:2      | 1167 ||| READING scroll labelled REWKULLELAM.
  1167 | D:2      | Identified a scroll of acquirement
  1167 | D:2      | 1167 ||| ACQUIRING +3 shortbow of flaming
  1167 | D:2      | Acquired a +3 shortbow of flaming
  1169 | D:2      | 1169 ||| SWAPPING to +3 shortbow of flaming.
  1170 | D:2      | 1170 ||| DROPPING +0 shortbow.
  1171 | D:2      | 1171 ||| READING scroll labelled ITOQINNAMM.
  1272 | D:2      | 1272 ||| READING scroll labelled ILIROETU KEBO.
  1477 | D:3      | Noticed a kobold brigand
  1489 | D:3      | Killed a kobold brigand
  1490 | D:3      | Reached XP level 5. HP: 27/28 MP: 6/6
  1604 | D:3      | HP: 5/28 [kobold/+0 club (4)]
  1605 | D:3      | 1605 ||| READING scroll of teleportation.
  1606 | D:3      | HP: 2/28 [kobold/+0 club (3)]
  1607 | D:3      | Slain by a gnoll

Levels and vault maps discovered:
D:1:      elethiomel_arrival_shortcut, layout_basic
D:2:      layout_rooms, serial_shops, shop, nicolae_shop_crystal, minmay_unequal
D:3:      minmay_goblin_kobold_castle, layout_basic, serial_shops,
          nicolae_shop_crystal, kennysheep_generic_room_12

Skill      XL: |  1  2  3  4 |
---------------+-------------+-----
Dodging        | 3 4 5 |  5.0
Ranged Weapons | 5 |  5.3
Fighting       | 2 |  2.8
Stealth        | |  1.5

Action                     |  1- 3 |  4- 6 || total
---------------------------+-------+-------++-------
   Fire: Shortbow          |   105 |    90 ||   195
    Use: Scroll            |     4 |     6 ||    10
 Armour: Robe              |     1 |    12 ||    13
  Dodge: Dodged            |    21 |    60 ||    81

Table legend:
 A = Non-vault XP
 B = Vault XP
 C = Vault XP percentage of total XP
 D = Non-vault monster count
 E = Vault monster count
 F = Vault count percentage of total count
                 A         B        C        D         E       F
            +---------+---------+-------+---------+---------+-------
      Total |     108 |     194 |  64.2 |      51 |      32 |  38.6
            +---------+---------+-------+---------+---------+-------
        D:1 |      40 |       0 |   0.0 |      23 |       0 |   0.0
        D:2 |      57 |      16 |  21.9 |      22 |       3 |  12.0
        D:3 |      11 |     178 |  94.2 |       6 |      29 |  82.9
            +---------+---------+-------+---------+---------+-------
